Sharks vs Devils

Created - 9 octobre 2019 at 16:17

Goals
1 2 3 T
Sharks 1 0 1 2
Devils 0 0 1 1
Shots
1 2 3 T
Sharks 4 22 12 38
Devils 12 7 13 32

1st period

1. Sharks , Dylan Larkin 1 (Mirco Mueller 1, Jonathan Drouin 1) at 11:05

Penalties :
Justin Braun (SJS) for Hooking (Minor) at 13:53

2nd period

No Goal

Penalties :
No Penalty

3rd period

2. Devils , Dominik Kahun 1 (Marcus Johansson 1, Kyle Turris 1) at 1:11
3. Sharks , Sidney Crosby 3 (Jonathan Huberdeau 1, Gabriel Landeskog 3) at 1:33

Penalties :
Patrice Bergeron (NJD) for High sticking (Minor) at 6:59

Goalie Stats

Darcy Kuemper (SJS), 31 saves from 32 shots - (0,969), W, 2-1-0, 60:00 minutes
Sergei Bobrovsky (NJD), 36 saves from 38 shots - (0,947), L, 1-1-0, 60:00 minutes

Players Stats for Sharks

Player Name              G  A  P  +/- PIM S  H  SB GA TA FO     MP     PP MP  PK MP  
------------------------------------------------------------------------------------
Alex Pietrangelo         0  0  0   0  0   1  2  4  0  0  0/0    23:23   0:56   1:00 
Andreas Johnsson         0  0  0  -1  0   4  1  1  0  0  0/0    16:39   0:00   0:00 
Boone Jenner             0  0  0  -1  0   2  0  3  0  1  11/16  17:10   0:00   0:58 
Colton Sceviour          0  0  0  -1  0   1  0  0  1  1  0/1    20:39   0:00   0:55 
Dylan Larkin             1  0  1   1  0   5  2  0  0  1  7/14   19:20   0:47   0:42 
Gabriel Landeskog        0  1  1   1  0   5  4  0  2  1  0/0    18:37   1:12   0:00 
Jonathan Drouin          0  1  1   1  0   2  3  0  1  0  1/1    18:02   1:12   0:19 
Jonathan Huberdeau       0  1  1   1  0   2  3  1  0  0  0/0    18:41   0:47   0:22 
Justin Braun             0  0  0   0  2   3  0  1  0  0  0/0    21:16   0:00   0:00 
Kenny Agostino           0  0  0   0  0   0  0  0  0  0  0/0     0:13   0:00   0:00 
Michael Raffl            0  0  0   0  0   0  1  1  0  0  0/0     8:08   0:00   0:42 
Mirco Mueller            0  1  1   1  0   1  4  1  0  1  0/0    17:42   0:00   1:18 
Robert Thomas            0  0  0   0  0   1  0  0  0  0  1/3     6:14   0:00   0:00 
Shea Theodore            0  0  0   1  0   2  0  1  0  0  0/0    17:57   0:56   0:59 
Sidney Crosby            1  0  1   1  0   3  1  0  0  0  6/20   16:31   1:12   0:00 
Teuvo Teravainen         0  0  0   1  0   3  1  1  0  0  0/0    17:09   0:47   0:00 
Tyson Barrie             0  0  0   0  0   1  2  0  0  0  0/0    19:46   1:03   0:00 
Zach Werenski            0  0  0   0  0   2  0  1  0  0  0/0    20:33   1:03   0:41 

Players Stats for Devils

Player Name              G  A  P  +/- PIM S  H  SB GA TA FO     MP     PP MP  PK MP  
------------------------------------------------------------------------------------
Alex DeBrincat           0  0  0  -1  0   0  0  0  0  0  0/1    18:32   1:05   0:00 
Anze Kopitar             0  0  0  -1  0   1  2  0  0  1  8/17   18:27   0:54   1:11 
Brandon Carlo            0  0  0   1  0   1  3  0  1  1  0/0    16:28   0:00   0:00 
Brandon Sutter           0  0  0   0  0   0  0  0  0  0  0/0     9:29   0:00   0:37 
Brayden Point            0  0  0  -1  0   6  2  0  1  0  1/1    19:57   0:54   0:11 
Cal O'Reilly             0  0  0   0  0   1  1  0  0  0  1/1     9:11   0:00   0:37 
Dominik Kahun            1  0  1   1  0   2  2  0  0  0  0/0    12:00   0:00   0:00 
Jared Spurgeon           0  0  0   0  0   0  1  1  0  1  0/0    20:48   0:47   0:00 
Jeff Skinner             0  0  0  -1  0   2  1  0  0  0  1/1    18:31   1:05   0:00 
Kevin Connauton          0  0  0   1  0   1  3  0  0  0  0/0    18:32   0:47   1:03 
Kyle Turris              0  1  1   1  0   2  0  1  0  0  5/11   12:39   0:00   0:14 
Marcus Johansson         0  1  1   1  0   3  0  1  0  1  0/0    13:33   0:00   1:08 
Neal Pionk               0  0  0  -2  0   2  5  3  0  0  0/0    20:28   0:00   0:56 
Patrice Bergeron         0  0  0  -1  2   8  3  3  1  0  13/23  19:52   1:05   0:00 
Reilly Smith             0  0  0  -1  0   1  2  0  2  0  0/0    17:15   0:54   0:00 
Roope Hintz              0  0  0   0  0   0  1  0  0  0  0/0     8:34   0:00   0:00 
Ryan Ellis               0  0  0  -2  0   1  2  3  0  0  0/0    22:05   1:12   0:56 
Thomas Hickey            0  0  0   0  0   1  3  1  0  0  0/0    21:39   1:12   1:03 

3 Stars

1 - Darcy Kuemper (SJS)
2 - Sergei Bobrovsky (NJD)
3 - Dylan Larkin (SJS)

Power Play

Sharks - 0 on 1 Attempt(s) - 0,00%
Devils - 0 on 1 Attempt(s) - 0,00%

Penalty Kill

Sharks - 1 on 1 Attempt(s) - 100,00% - Score 0 goal in Penalty Kill
Devils - 1 on 1 Attempt(s) - 100,00% - Score 0 goal in Penalty Kill

Team Stat

Sharks - Hits : 24 - Faceoff Wins : 26 - Blocked Shots : 15 - Penalty Minutes : 2
Devils - Hits : 31 - Faceoff Wins : 29 - Blocked Shots : 13 - Penalty Minutes : 2

Official

Referees : Brian Pochmara and Chris Lee
Linesman : Michel Cormier and Ryan Gibbons

Game Notes

No Game Note

Finance

Level 1 -- Attendance: 4885 (81,42%) -- Ticket Income 488 500 $
Level 2 -- Attendance: 4342 (86,84%) -- Ticket Income 260 520 $
Level 3 -- Attendance: 2000 (100,00%) -- Ticket Income 70 000 $
Level 4 -- Attendance: 3974 (99,35%) -- Ticket Income 79 480 $
Luxury Box -- Attendance: 758 (75,80%) -- Ticket Income 151 600 $
Game was played at the Hellgates Center.
Total Attendance: 15959 (88,66%)
Total Ticket Income: 1 050 100 $
Other Income: 514 549 $
Total Income: 1 564 649 $

Sharks

5 vs 5 Forward 
   Center                   Left Wing                Right Wing               Time % Phy DF OF 
 1 Sidney Crosby            Gabriel Landeskog        Jonathan Huberdeau       35     0   1  4  
 2 Dylan Larkin             Teuvo Teravainen         Jonathan Drouin          35     0   1  4  
 3 Boone Jenner             Andreas Johnsson         Colton Sceviour          30     0   2  3  
 4 Robert Thomas            Colton Sceviour          Michael Raffl            0      0   4  1  

5 vs 5 Defense 
   Defense                  Defense                                           Time % Phy DF OF 
 1 Alex Pietrangelo         Justin Braun                                      35     0   2  3  
 2 Zach Werenski            Tyson Barrie                                      35     0   2  3  
 3 Shea Theodore            Mirco Mueller                                     25     0   3  2  
 4 Mirco Mueller            Shea Theodore                                     5      0   3  2  

PowerPlay Forward 
   Center                   Left Wing                Right Wing               Time % Phy DF OF 
 1 Sidney Crosby            Gabriel Landeskog        Jonathan Drouin          55     0   0  5  
 2 Dylan Larkin             Teuvo Teravainen         Jonathan Huberdeau       45     0   1  4  

PowerPlay Defense
   Defense                  Defense                                           Time % Phy DF OF 
 1 Alex Pietrangelo         Shea Theodore                                     55     0   1  4  
 2 Zach Werenski            Tyson Barrie                                      45     0   1  4  

Penalty Kill 4 Players Forward 
   Center                   Wing                     Time % Phy DF OF 
 1 Colton Sceviour          Boone Jenner             55     0   5  0  
 2 Dylan Larkin             Michael Raffl            45     0   5  0  

Penalty Kill 4 Players Defense
   Defense                  Defense                  Time % Phy DF OF 
 1 Mirco Mueller            Justin Braun             55     0   5  0  
 2 Zach Werenski            Shea Theodore            45     0   5  0  

Penalty Kill - 3 Players Forward 
   Forward                                           Time % Phy DF OF 
 1 Boone Jenner                                      55     0   5  0  
 2 Colton Sceviour                                   45     0   5  0  

Penalty Kill - 3 Players Defense
   Defense                  Defense                  Time % Phy DF OF 
 1 Alex Pietrangelo         Justin Braun             55     0   5  0  
 2 Zach Werenski            Tyson Barrie             45     0   5  0  

4 vs 4 Forward 
   Center                   Wing                     Time % Phy DF OF 
 1 Gabriel Landeskog        Dylan Larkin             55     0   2  3  
 2 Jonathan Huberdeau       Teuvo Teravainen         45     0   2  3  

4 vs 4 Defense
   Defense                  Defense                  Time % Phy DF OF 
 1 Alex Pietrangelo         Justin Braun             55     0   3  2  
 2 Zach Werenski            Tyson Barrie             45     0   3  2  

Last Minutes Offensive
   Center                   Left Wing                Right Wing               Defense                  Defense                  
   Dylan Larkin             Gabriel Landeskog        Jonathan Huberdeau       Alex Pietrangelo         Justin Braun             

Last Minutes Defensive
   Center                   Left Wing                Right Wing               Defense                  Defense                  
   Dylan Larkin             Gabriel Landeskog        Jonathan Huberdeau       Alex Pietrangelo         Justin Braun             

Goaltenders
Starting : Darcy Kuemper            
Backup : Jake Allen               

Extra Forwards
Normal : Andreas Johnsson, Michael Raffl, Colton Sceviour - PP : Andreas Johnsson, Michael Raffl - PK : Colton Sceviour
Extra Defensemen
Normal : Justin Braun, Shea Theodore, Zach Werenski - PP : Alex Pietrangelo - PK : Shea Theodore, Alex Pietrangelo
Penalty Shots
Gabriel Landeskog, Dylan Larkin, Jonathan Huberdeau, Teuvo Teravainen, Boone Jenner
Custom OT Lines Forwards
Sidney Crosby, Dylan Larkin, Jonathan Huberdeau, Teuvo Teravainen, Boone Jenner, Jonathan Drouin, Andreas Johnsson, Michael Raffl, Colton Sceviour, Gabriel Landeskog
Custom OT Lines Defensemen
Alex Pietrangelo, Justin Braun, Zach Werenski, Tyson Barrie, Shea Theodore

Scratches
Mark Borowiecki (Healthy)

Devils

5 vs 5 Forward 
   Center                   Left Wing                Right Wing               Time % Phy DF OF 
 1 Patrice Bergeron         Brayden Point            Alex DeBrincat           34     0   1  4  
 2 Anze Kopitar             Reilly Smith             Jeff Skinner             32     0   1  4  
 3 Kyle Turris              Marcus Johansson         Dominik Kahun            25     0   2  3  
 4 Cal O'Reilly             Brandon Sutter           Roope Hintz              9      1   2  2  

5 vs 5 Defense 
   Defense                  Defense                                           Time % Phy DF OF 
 1 Neal Pionk               Ryan Ellis                                        35     1   3  1  
 2 Jared Spurgeon           Thomas Hickey                                     35     1   3  1  
 3 Kevin Connauton          Brandon Carlo                                     28     1   3  1  
 4 Jared Spurgeon           Ryan Ellis                                        2      1   3  1  

PowerPlay Forward 
   Center                   Left Wing                Right Wing               Time % Phy DF OF 
 1 Patrice Bergeron         Alex DeBrincat           Jeff Skinner             60     0   0  5  
 2 Anze Kopitar             Brayden Point            Reilly Smith             40     0   0  5  

PowerPlay Defense
   Defense                  Defense                                           Time % Phy DF OF 
 1 Thomas Hickey            Ryan Ellis                                        50     0   1  4  
 2 Jared Spurgeon           Kevin Connauton                                   50     0   1  4  

Penalty Kill 4 Players Forward 
   Center                   Wing                     Time % Phy DF OF 
 1 Anze Kopitar             Marcus Johansson         50     1   4  0  
 2 Cal O'Reilly             Brandon Sutter           50     1   4  0  

Penalty Kill 4 Players Defense
   Defense                  Defense                  Time % Phy DF OF 
 1 Kevin Connauton          Thomas Hickey            60     1   4  0  
 2 Ryan Ellis               Neal Pionk               40     1   4  0  

Penalty Kill - 3 Players Forward 
   Forward                                           Time % Phy DF OF 
 1 Brandon Sutter                                    60     1   4  0  
 2 Cal O'Reilly                                      40     1   4  0  

Penalty Kill - 3 Players Defense
   Defense                  Defense                  Time % Phy DF OF 
 1 Kevin Connauton          Ryan Ellis               50     1   4  0  
 2 Thomas Hickey            Neal Pionk               50     1   4  0  

4 vs 4 Forward 
   Center                   Wing                     Time % Phy DF OF 
 1 Patrice Bergeron         Brayden Point            60     0   1  4  
 2 Jeff Skinner             Alex DeBrincat           40     0   1  4  

4 vs 4 Defense
   Defense                  Defense                  Time % Phy DF OF 
 1 Kevin Connauton          Ryan Ellis               50     0   2  3  
 2 Jared Spurgeon           Thomas Hickey            50     0   2  3  

Last Minutes Offensive
   Center                   Left Wing                Right Wing               Defense                  Defense                  
   Patrice Bergeron         Brayden Point            Jeff Skinner             Neal Pionk               Ryan Ellis               

Last Minutes Defensive
   Center                   Left Wing                Right Wing               Defense                  Defense                  
   Anze Kopitar             Brayden Point            Brandon Sutter           Neal Pionk               Ryan Ellis               

Goaltenders
Starting : Sergei Bobrovsky         
Backup : Jaroslav Halak           

Extra Forwards
Normal : Patrice Bergeron, Marcus Johansson, Kyle Turris - PP : Brayden Point, Marcus Johansson - PK : Kyle Turris
Extra Defensemen
Normal : Kevin Connauton, Thomas Hickey, Jared Spurgeon - PP : Kevin Connauton - PK : Thomas Hickey, Jared Spurgeon
Penalty Shots
Thomas Hickey, Kyle Turris, Ryan Ellis, Brayden Point, Patrice Bergeron
Custom OT Lines Forwards
Patrice Bergeron, Brayden Point, Jeff Skinner, Reilly Smith, Alex DeBrincat, Anze Kopitar, Brandon Sutter, Marcus Johansson, Kyle Turris, Cal O'Reilly
Custom OT Lines Defensemen
Thomas Hickey, Ryan Ellis, Jared Spurgeon, Neal Pionk, Kevin Connauton

Scratches
Alec Martinez (Healthy)

% Time on Ice - Sharks

Lines # - Real PCT - Wanted PCT - Time Play
Normal Forward
1 - 28% - 35% - 15:19
2 - 33% - 35% - 18:00
3 - 29% - 30% - 16:06
4 - 10% - 0% - 5:22
Normal Defense
1 - 37% - 35% - 20:02
2 - 34% - 35% - 18:43
3 - 25% - 25% - 13:48
4 - 4% - 5% - 2:14
PP Forward
1 - 61% - 55% - 1:12
2 - 39% - 45% - 0:47
PP Defense
1 - 47% - 55% - 0:56
2 - 53% - 45% - 1:03
PK Forward
1 - 65% - 55% - 1:17
2 - 35% - 45% - 0:42
PK Defense
1 - 72% - 55% - 1:26
2 - 28% - 45% - 0:33
PK3 Forward
1 - 0% - 55%
2 - 0% - 45%
PK3 Defense
1 - 0% - 55%
2 - 0% - 45%
44 Forward
1 - 0% - 55%
2 - 0% - 45%
44 Defense
1 - 0% - 55%
2 - 0% - 45%
Last Minute Offensive  - 0:00
Last Minute Defensive  - 1:15
Total
Forward - 60:00
Defense - 60:00

% Time on Ice - Devils

Lines # - Real PCT - Wanted PCT - Time Play
Normal Forward
1 - 32% - 34% - 17:21
2 - 31% - 32% - 16:52
3 - 22% - 25% - 12:00
4 - 16% - 9% - 8:34
Normal Defense
1 - 34% - 35% - 18:46
2 - 36% - 35% - 19:29
3 - 29% - 28% - 16:00
4 - 1% - 2% - 0:32
PP Forward
1 - 55% - 60% - 1:05
2 - 45% - 40% - 0:54
PP Defense
1 - 61% - 50% - 1:12
2 - 39% - 50% - 0:47
PK Forward
1 - 69% - 50% - 1:22
2 - 31% - 50% - 0:37
PK Defense
1 - 53% - 60% - 1:03
2 - 47% - 40% - 0:56
PK3 Forward
1 - 0% - 60%
2 - 0% - 40%
PK3 Defense
1 - 0% - 50%
2 - 0% - 50%
44 Forward
1 - 0% - 60%
2 - 0% - 40%
44 Defense
1 - 0% - 50%
2 - 0% - 50%
Last Minute Offensive  - 1:15
Last Minute Defensive  - 0:00
Total
Forward - 60:00
Defense - 60:00

Play-by-Play

1st period


0:01 of 1st period - Patrice Bergeron wins face-off versus Sidney Crosby in neutral zone.
0:14 of 1st period - Slapshot by Gabriel Landeskog.
0:14 of 1st period - Shot Blocked by Patrice Bergeron.
0:26 of 1st period - Justin Braun is hit by Anze Kopitar and loses puck.
1:00 of 1st period - Andreas Johnsson is hit by Jared Spurgeon and loses puck.
1:13 of 1st period - Brandon Sutter is hit by Jonathan Huberdeau and loses puck.
2:16 of 1st period - Neal Pionk is hit by Gabriel Landeskog.
3:47 of 1st period - Wrist shot by Dylan Larkin.
3:47 of 1st period - Stopped by Sergei Bobrovsky without a rebound.
3:48 of 1st period - Dylan Larkin wins face-off versus Patrice Bergeron in Devils zone.
4:07 of 1st period - Dylan Larkin is hit by Brayden Point and loses puck.
4:38 of 1st period - Wrist shot by Dylan Larkin.
4:38 of 1st period - Shot Misses the Net.
4:40 of 1st period - Slapshot by Zach Werenski.
4:40 of 1st period - Deflect By Dylan Larkin.
4:40 of 1st period - Shot Misses the Net.
4:40 of 1st period - Puck is out of play.
4:41 of 1st period - Anze Kopitar wins face-off versus Sidney Crosby in Devils zone.
4:50 of 1st period - Snap shot by Jeff Skinner.
4:50 of 1st period - Shot Blocked by Alex Pietrangelo.
6:29 of 1st period - Kevin Connauton is hit by Gabriel Landeskog and loses puck.
6:55 of 1st period - Icing by Marcus Johansson.
6:56 of 1st period - Cal O'Reilly wins face-off versus Robert Thomas in Devils zone.
7:03 of 1st period - Snap shot by Robert Thomas.
7:03 of 1st period - Stopped by Sergei Bobrovsky with a rebound.
7:21 of 1st period - Brayden Point is hit by Tyson Barrie and loses puck.
7:46 of 1st period - Jonathan Drouin is hit by Reilly Smith and loses puck.
8:03 of 1st period - Wrist shot by Marcus Johansson.
8:03 of 1st period - Stopped by Darcy Kuemper without a rebound.
8:04 of 1st period - Kyle Turris wins face-off versus Boone Jenner in Sharks zone.
8:13 of 1st period - Wrist shot by Kyle Turris.
8:13 of 1st period - Stopped by Darcy Kuemper with a rebound.
8:15 of 1st period - Backhand shot by Ryan Ellis.
8:15 of 1st period - Stopped by Darcy Kuemper without a rebound.
8:16 of 1st period - Boone Jenner wins face-off versus Anze Kopitar in Sharks zone.
8:33 of 1st period - Slapshot by Jeff Skinner.
8:33 of 1st period - Shot Misses the Net.
8:52 of 1st period - Wrist shot by Brayden Point.
8:52 of 1st period - Stopped by Darcy Kuemper with a rebound.
9:08 of 1st period - Shea Theodore is hit by Thomas Hickey and loses puck.
9:29 of 1st period - Wrist shot by Reilly Smith.
9:29 of 1st period - Stopped by Darcy Kuemper without a rebound.
9:30 of 1st period - Anze Kopitar wins face-off versus Sidney Crosby in Sharks zone.
9:55 of 1st period - Snap shot by Jeff Skinner.
9:55 of 1st period - Stopped by Darcy Kuemper with a rebound.
9:57 of 1st period - Slapshot by Kevin Connauton.
9:57 of 1st period - Shot Blocked by Jonathan Huberdeau.
9:59 of 1st period - Slapshot by Anze Kopitar.
9:59 of 1st period - Shot Blocked by Alex Pietrangelo.
10:01 of 1st period - Wrist shot by Kevin Connauton.
10:01 of 1st period - Shot Misses the Net.
10:03 of 1st period - Slapshot by Brandon Carlo.
10:03 of 1st period - Shot Blocked by Justin Braun.
10:05 of 1st period - Wrist shot by Anze Kopitar.
10:05 of 1st period - Shot Misses the Net.
10:07 of 1st period - Backhand shot by Kevin Connauton.
10:07 of 1st period - Stopped by Darcy Kuemper with a rebound.
10:09 of 1st period - Wrist shot by Kevin Connauton.
10:09 of 1st period - Deflect By Jeff Skinner.
10:09 of 1st period - Stopped by Darcy Kuemper with a rebound.
10:11 of 1st period - Slapshot by Brandon Carlo.
10:11 of 1st period - Deflect By Sidney Crosby.
10:11 of 1st period - Stopped by Darcy Kuemper without a rebound.
10:12 of 1st period - Patrice Bergeron wins face-off versus Boone Jenner in Sharks zone.
10:25 of 1st period - Wrist shot by Brayden Point.
10:25 of 1st period - Stopped by Darcy Kuemper with a rebound.
10:53 of 1st period - Slapshot by Boone Jenner.
10:53 of 1st period - Deflect By Andreas Johnsson.
10:53 of 1st period - Shot Misses the Net.
10:53 of 1st period - Puck is out of play.
10:54 of 1st period - Patrice Bergeron wins face-off versus Dylan Larkin in Devils zone.
10:59 of 1st period - Snap shot by Jonathan Drouin.
10:59 of 1st period - Shot Blocked by Ryan Ellis.
11:01 of 1st period - Snap shot by Mirco Mueller.
11:01 of 1st period - Shot Misses the Net.
11:03 of 1st period - Slapshot by Mirco Mueller.
11:03 of 1st period - Shot Blocked by Patrice Bergeron.
11:05 of 1st period - Snap shot by Dylan Larkin.
11:05 of 1st period - Goal by Dylan Larkin - Sharks : 1 - Devils : 0.
11:06 of 1st period - Brayden Point wins face-off versus Dylan Larkin in neutral zone.
11:33 of 1st period - Kyle Turris is hit by Sidney Crosby and loses puck.
12:49 of 1st period - Off-side.
12:50 of 1st period - Patrice Bergeron wins face-off versus Sidney Crosby in neutral zone.
12:53 of 1st period - Slapshot by Brayden Point.
12:53 of 1st period - Shot Misses the Net.
12:55 of 1st period - Snap shot by Patrice Bergeron.
12:55 of 1st period - Stopped by Darcy Kuemper with a rebound.
12:59 of 1st period - Slapshot by Brayden Point.
12:59 of 1st period - Deflect By Alex DeBrincat.
12:59 of 1st period - Shot Misses the Net.
12:59 of 1st period - Puck is out of play.
13:00 of 1st period - Dylan Larkin wins face-off versus Patrice Bergeron in Sharks zone.
13:00 of 1st period - Dylan Larkin is hit by Neal Pionk.
13:06 of 1st period - Ryan Ellis is hit by Jonathan Drouin.
13:32 of 1st period - Backhand shot by Alex DeBrincat.
13:32 of 1st period - Shot Hit the Post.
13:34 of 1st period - Slapshot by Patrice Bergeron.
13:34 of 1st period - Stopped by Darcy Kuemper with a rebound.
13:36 of 1st period - Slapshot by Ryan Ellis.
13:36 of 1st period - Shot Misses the Net.
13:38 of 1st period - Wrist shot by Alex DeBrincat.
13:38 of 1st period - Deflect By Brayden Point.
13:38 of 1st period - Shot Misses the Net.
13:38 of 1st period - Puck is out of play.
13:39 of 1st period - Jeff Skinner wins face-off versus Sidney Crosby in Sharks zone.
13:53 of 1st period - Minor Penalty to Justin Braun for Hooking.
13:54 of 1st period - Patrice Bergeron wins face-off versus Colton Sceviour in Sharks zone.
15:39 of 1st period - Patrice Bergeron is hit by Jonathan Drouin and loses puck.
15:53 of 1st period - Penalty to Justin Braun is over, Justin Braun is back on ice.
15:56 of 1st period - Dylan Larkin is hit by Kevin Connauton and loses puck.
16:05 of 1st period - Wrist shot by Dylan Larkin.
16:05 of 1st period - Stopped by Sergei Bobrovsky without a rebound.
16:06 of 1st period - Sidney Crosby wins face-off versus Kyle Turris in Devils zone.
16:15 of 1st period - Snap shot by Gabriel Landeskog.
16:15 of 1st period - Shot Misses the Net.
16:17 of 1st period - Snap shot by Jonathan Huberdeau.
16:17 of 1st period - Shot Misses the Net.
17:35 of 1st period - Alex Pietrangelo is hit by Thomas Hickey and loses puck.
17:46 of 1st period - Alex Pietrangelo is hit by Ryan Ellis.
18:55 of 1st period - Slapshot by Michael Raffl.
18:55 of 1st period - Deflect By Colton Sceviour.
18:55 of 1st period - Shot Misses the Net.
18:55 of 1st period - Puck is out of play.
18:56 of 1st period - Kyle Turris wins face-off versus Robert Thomas in Devils zone.
18:56 of 1st period - Kyle Turris is hit by Mirco Mueller.
19:21 of 1st period - Jared Spurgeon is hit by Jonathan Huberdeau and loses puck.
19:46 of 1st period - Slapshot by Alex DeBrincat.
19:46 of 1st period - Shot Misses the Net.
19:48 of 1st period - Slapshot by Kevin Connauton.
19:48 of 1st period - Shot Blocked by Zach Werenski.
Goals for this period are 1 for Sharks vs 0 for Devils.
Shots for this period are 4 for Sharks vs 12 for Devils.

2nd period


0:01 of 2nd period - Anze Kopitar wins face-off versus Boone Jenner in neutral zone.
0:55 of 2nd period - Snap shot by Teuvo Teravainen.
0:55 of 2nd period - Shot Misses the Net.
0:57 of 2nd period - Snap shot by Teuvo Teravainen.
0:57 of 2nd period - Stopped by Sergei Bobrovsky without a rebound.
0:58 of 2nd period - Dylan Larkin wins face-off versus Kyle Turris in Devils zone.
1:03 of 2nd period - Snap shot by Dylan Larkin.
1:03 of 2nd period - Shot Blocked by Ryan Ellis.
1:05 of 2nd period - Slapshot by Mirco Mueller.
1:05 of 2nd period - Stopped by Sergei Bobrovsky with a rebound.
1:07 of 2nd period - Wrist shot by Jonathan Drouin.
1:07 of 2nd period - Shot Blocked by Ryan Ellis.
1:09 of 2nd period - Slapshot by Jonathan Drouin.
1:09 of 2nd period - Shot Misses the Net.
1:11 of 2nd period - Wrist shot by Shea Theodore.
1:11 of 2nd period - Stopped by Sergei Bobrovsky with a rebound.
1:13 of 2nd period - Slapshot by Mirco Mueller.
1:13 of 2nd period - Deflect By Dylan Larkin.
1:13 of 2nd period - Shot Blocked by Neal Pionk.
1:13 of 2nd period - Puck is out of play.
1:14 of 2nd period - Boone Jenner wins face-off versus Anze Kopitar in Devils zone.
1:27 of 2nd period - Snap shot by Boone Jenner.
1:27 of 2nd period - Deflect By Andreas Johnsson.
1:27 of 2nd period - Stopped by Sergei Bobrovsky with a rebound.
1:43 of 2nd period - Wrist shot by Jonathan Huberdeau.
1:43 of 2nd period - Shot Blocked by Thomas Hickey.
1:45 of 2nd period - Slapshot by Justin Braun.
1:45 of 2nd period - Stopped by Sergei Bobrovsky with a rebound.
1:47 of 2nd period - Snap shot by Sidney Crosby.
1:47 of 2nd period - Stopped by Sergei Bobrovsky without a rebound.
1:48 of 2nd period - Jonathan Drouin wins face-off versus Kyle Turris in Devils zone.
2:13 of 2nd period - Alex Pietrangelo is hit by Patrice Bergeron and loses puck.
3:15 of 2nd period - Dominik Kahun is hit by Alex Pietrangelo and loses puck.
3:40 of 2nd period - Icing by Brandon Sutter.
3:41 of 2nd period - Sidney Crosby wins face-off versus Patrice Bergeron in Devils zone.
3:46 of 2nd period - Snap shot by Gabriel Landeskog.
3:46 of 2nd period - Stopped by Sergei Bobrovsky without a rebound.
3:47 of 2nd period - Sidney Crosby wins face-off versus Patrice Bergeron in Devils zone.
3:53 of 2nd period - Slapshot by Jonathan Huberdeau.
3:53 of 2nd period - Shot Misses the Net.
3:55 of 2nd period - Slapshot by Gabriel Landeskog.
3:55 of 2nd period - Shot Blocked by Patrice Bergeron.
3:57 of 2nd period - Wrist shot by Sidney Crosby.
3:57 of 2nd period - Stopped by Sergei Bobrovsky without a rebound.
3:58 of 2nd period - Boone Jenner wins face-off versus Anze Kopitar in Devils zone.
4:13 of 2nd period - Tyson Barrie is hit by Reilly Smith and loses puck.
4:26 of 2nd period - Icing by Patrice Bergeron.
4:27 of 2nd period - Patrice Bergeron wins face-off versus Sidney Crosby in Devils zone.
4:36 of 2nd period - Wrist shot by Patrice Bergeron.
4:36 of 2nd period - Stopped by Darcy Kuemper without a rebound.
4:37 of 2nd period - Boone Jenner wins face-off versus Anze Kopitar in Sharks zone.
4:50 of 2nd period - Slapshot by Shea Theodore.
4:50 of 2nd period - Stopped by Sergei Bobrovsky without a rebound.
4:51 of 2nd period - Dylan Larkin wins face-off versus Kyle Turris in Devils zone.
4:58 of 2nd period - Wrist shot by Teuvo Teravainen.
4:58 of 2nd period - Stopped by Sergei Bobrovsky without a rebound.
4:59 of 2nd period - Dylan Larkin wins face-off versus Kyle Turris in Devils zone.
5:12 of 2nd period - Snap shot by Dylan Larkin.
5:12 of 2nd period - Shot Blocked by Kyle Turris.
5:14 of 2nd period - Snap shot by Teuvo Teravainen.
5:14 of 2nd period - Shot Blocked by Neal Pionk.
5:16 of 2nd period - Wrist shot by Teuvo Teravainen.
5:16 of 2nd period - Stopped by Sergei Bobrovsky with a rebound.
5:18 of 2nd period - Slapshot by Zach Werenski.
5:18 of 2nd period - Deflect By Ryan Ellis.
5:18 of 2nd period - Stopped by Sergei Bobrovsky without a rebound.
5:19 of 2nd period - Boone Jenner wins face-off versus Patrice Bergeron in Devils zone.
7:33 of 2nd period - Off-side.
7:34 of 2nd period - Patrice Bergeron wins face-off versus Sidney Crosby in neutral zone.
9:56 of 2nd period - Tyson Barrie is hit by Dominik Kahun and loses puck.
10:23 of 2nd period - Slapshot by Ryan Ellis.
10:23 of 2nd period - Shot Blocked by Boone Jenner.
10:25 of 2nd period - Slapshot by Neal Pionk.
10:25 of 2nd period - Shot Blocked by Boone Jenner.
10:44 of 2nd period - Robert Thomas is hit by Roope Hintz and loses puck.
11:03 of 2nd period - Mirco Mueller is hit by Neal Pionk and loses puck.
11:14 of 2nd period - Shea Theodore is hit by Thomas Hickey and loses puck.
11:23 of 2nd period - Slapshot by Reilly Smith.
11:23 of 2nd period - Shot Blocked by Shea Theodore.
11:41 of 2nd period - Mirco Mueller is hit by Brandon Carlo and loses puck.
11:55 of 2nd period - Tyson Barrie is hit by Cal O'Reilly.
11:59 of 2nd period - Snap shot by Jonathan Huberdeau.
11:59 of 2nd period - Stopped by Sergei Bobrovsky without a rebound.
12:00 of 2nd period - Patrice Bergeron wins face-off versus Sidney Crosby in Devils zone.
12:39 of 2nd period - Wrist shot by Jonathan Drouin.
12:39 of 2nd period - Deflect By Dylan Larkin.
12:39 of 2nd period - Stopped by Sergei Bobrovsky without a rebound.
12:40 of 2nd period - Boone Jenner wins face-off versus Anze Kopitar in Devils zone.
12:41 of 2nd period - Slapshot by Zach Werenski.
12:41 of 2nd period - Shot Misses the Net.
13:06 of 2nd period - Ryan Ellis is hit by Teuvo Teravainen and loses puck.
13:11 of 2nd period - Wrist shot by Jonathan Drouin.
13:11 of 2nd period - Stopped by Sergei Bobrovsky with a rebound.
13:13 of 2nd period - Wrist shot by Justin Braun.
13:13 of 2nd period - Stopped by Sergei Bobrovsky without a rebound.
13:14 of 2nd period - Sidney Crosby wins face-off versus Patrice Bergeron in Devils zone.
13:50 of 2nd period - Slapshot by Boone Jenner.
13:50 of 2nd period - Stopped by Sergei Bobrovsky without a rebound.
13:51 of 2nd period - Dylan Larkin wins face-off versus Kyle Turris in Devils zone.
14:04 of 2nd period - Snap shot by Jonathan Drouin.
14:04 of 2nd period - Stopped by Sergei Bobrovsky without a rebound.
14:05 of 2nd period - Boone Jenner wins face-off versus Anze Kopitar in Devils zone.
14:18 of 2nd period - Snap shot by Andreas Johnsson.
14:18 of 2nd period - Stopped by Sergei Bobrovsky without a rebound.
14:19 of 2nd period - Dylan Larkin wins face-off versus Patrice Bergeron in Devils zone.
14:32 of 2nd period - Snap shot by Dylan Larkin.
14:32 of 2nd period - Deflect By Teuvo Teravainen.
14:32 of 2nd period - Shot Misses the Net.
14:32 of 2nd period - Puck is out of play.
14:33 of 2nd period - Boone Jenner wins face-off versus Anze Kopitar in Devils zone.
14:34 of 2nd period - Slapshot by Tyson Barrie.
14:34 of 2nd period - Stopped by Sergei Bobrovsky with a rebound.
15:04 of 2nd period - Slapshot by Kyle Turris.
15:04 of 2nd period - Shot Blocked by Boone Jenner.
15:06 of 2nd period - Slapshot by Neal Pionk.
15:06 of 2nd period - Stopped by Darcy Kuemper with a rebound.
15:08 of 2nd period - Snap shot by Marcus Johansson.
15:08 of 2nd period - Stopped by Darcy Kuemper with a rebound.
15:10 of 2nd period - Slapshot by Dominik Kahun.
15:10 of 2nd period - Shot Blocked by Andreas Johnsson.
15:12 of 2nd period - Snap shot by Dominik Kahun.
15:12 of 2nd period - Stopped by Darcy Kuemper with a rebound.
15:27 of 2nd period - Alex Pietrangelo is hit by Brayden Point and loses puck.
15:41 of 2nd period - Icing by Jared Spurgeon.
15:42 of 2nd period - Anze Kopitar wins face-off versus Dylan Larkin in Devils zone.
15:47 of 2nd period - Jared Spurgeon is hit by Dylan Larkin and loses puck.
16:35 of 2nd period - Slapshot by Tyson Barrie.
16:35 of 2nd period - Shot Misses the Net.
16:37 of 2nd period - Snap shot by Colton Sceviour.
16:37 of 2nd period - Stopped by Sergei Bobrovsky with a rebound.
16:39 of 2nd period - Slapshot by Zach Werenski.
16:39 of 2nd period - Shot Blocked by Marcus Johansson.
16:55 of 2nd period - Snap shot by Cal O'Reilly.
16:55 of 2nd period - Stopped by Darcy Kuemper without a rebound.
16:56 of 2nd period - Patrice Bergeron wins face-off versus Sidney Crosby in Sharks zone.
17:11 of 2nd period - Snap shot by Patrice Bergeron.
17:11 of 2nd period - Shot Blocked by Alex Pietrangelo.
17:13 of 2nd period - Slapshot by Kevin Connauton.
17:13 of 2nd period - Deflect By Brayden Point.
17:13 of 2nd period - Stopped by Darcy Kuemper without a rebound.
17:14 of 2nd period - Anze Kopitar wins face-off versus Boone Jenner in Sharks zone.
17:24 of 2nd period - Off-side.
17:25 of 2nd period - Anze Kopitar wins face-off versus Dylan Larkin in neutral zone.
17:32 of 2nd period - Snap shot by Reilly Smith.
17:32 of 2nd period - Shot Misses the Net.
17:34 of 2nd period - Wrist shot by Neal Pionk.
17:34 of 2nd period - Stopped by Darcy Kuemper with a rebound.
18:02 of 2nd period - Sidney Crosby is hit by Neal Pionk and loses puck.
18:21 of 2nd period - Andreas Johnsson is hit by Kevin Connauton and loses puck.
19:18 of 2nd period - Patrice Bergeron is hit by Gabriel Landeskog and loses puck.
19:39 of 2nd period - Slapshot by Alex Pietrangelo.
19:39 of 2nd period - Stopped by Sergei Bobrovsky with a rebound.
19:41 of 2nd period - Snap shot by Andreas Johnsson.
19:41 of 2nd period - Shot Blocked by Neal Pionk.
Goals for this period are 0 for Sharks vs 0 for Devils.
Shots for this period are 22 for Sharks vs 7 for Devils.

3rd period


0:01 of 3rd period - Boone Jenner wins face-off versus Patrice Bergeron in neutral zone.
0:15 of 3rd period - Snap shot by Boone Jenner.
0:15 of 3rd period - Shot Misses the Net.
0:25 of 3rd period - Dylan Larkin is hit by Brandon Carlo and loses puck.
1:01 of 3rd period - Icing by Brandon Carlo.
1:02 of 3rd period - Kyle Turris wins face-off versus Boone Jenner in Devils zone.
1:11 of 3rd period - Wrist shot by Dominik Kahun.
1:11 of 3rd period - Deflect By Tyson Barrie.
1:11 of 3rd period - Goal by Dominik Kahun - Sharks : 1 - Devils : 1.
1:12 of 3rd period - Patrice Bergeron wins face-off versus Dylan Larkin in neutral zone.
1:23 of 3rd period - Slapshot by Patrice Bergeron.
1:23 of 3rd period - Stopped by Darcy Kuemper without a rebound.
1:24 of 3rd period - Sidney Crosby wins face-off versus Anze Kopitar in Sharks zone.
1:33 of 3rd period - Wrist shot by Sidney Crosby.
1:33 of 3rd period - Goal by Sidney Crosby - Sharks : 2 - Devils : 1.
1:34 of 3rd period - Boone Jenner wins face-off versus Alex DeBrincat in neutral zone.
1:39 of 3rd period - Patrice Bergeron is hit by Mirco Mueller and loses puck.
1:52 of 3rd period - Andreas Johnsson is hit by Neal Pionk and loses puck.
2:39 of 3rd period - Dylan Larkin is hit by Jeff Skinner and loses puck.
2:50 of 3rd period - Wrist shot by Anze Kopitar.
2:50 of 3rd period - Stopped by Darcy Kuemper without a rebound.
2:51 of 3rd period - Patrice Bergeron wins face-off versus Sidney Crosby in Sharks zone.
2:58 of 3rd period - Slapshot by Alex DeBrincat.
2:58 of 3rd period - Shot Misses the Net.
3:06 of 3rd period - Slapshot by Brayden Point.
3:06 of 3rd period - Shot Misses the Net.
3:08 of 3rd period - Snap shot by Thomas Hickey.
3:08 of 3rd period - Stopped by Darcy Kuemper with a rebound.
4:09 of 3rd period - Wrist shot by Marcus Johansson.
4:09 of 3rd period - Deflect By Kyle Turris.
4:09 of 3rd period - Shot Blocked by Alex Pietrangelo.
4:09 of 3rd period - Puck is out of play.
4:10 of 3rd period - Kyle Turris wins face-off versus Dylan Larkin in Sharks zone.
4:17 of 3rd period - Snap shot by Marcus Johansson.
4:17 of 3rd period - Stopped by Darcy Kuemper with a rebound.
4:19 of 3rd period - Slapshot by Brandon Carlo.
4:19 of 3rd period - Shot Blocked by Teuvo Teravainen.
4:21 of 3rd period - Snap shot by Kyle Turris.
4:21 of 3rd period - Stopped by Darcy Kuemper without a rebound.
4:22 of 3rd period - Anze Kopitar wins face-off versus Sidney Crosby in Sharks zone.
4:37 of 3rd period - Wrist shot by Sidney Crosby.
4:37 of 3rd period - Shot Misses the Net.
4:49 of 3rd period - Neal Pionk is hit by Jonathan Drouin.
4:57 of 3rd period - Wrist shot by Teuvo Teravainen.
4:57 of 3rd period - Shot Misses the Net.
4:59 of 3rd period - Snap shot by Zach Werenski.
4:59 of 3rd period - Stopped by Sergei Bobrovsky with a rebound.
5:01 of 3rd period - Slapshot by Zach Werenski.
5:01 of 3rd period - Deflect By Dylan Larkin.
5:01 of 3rd period - Stopped by Sergei Bobrovsky without a rebound.
5:02 of 3rd period - Boone Jenner wins face-off versus Patrice Bergeron in Devils zone.
5:13 of 3rd period - Wrist shot by Brayden Point.
5:13 of 3rd period - Stopped by Darcy Kuemper with a rebound.
5:15 of 3rd period - Wrist shot by Brayden Point.
5:15 of 3rd period - Shot Misses the Net.
5:17 of 3rd period - Snap shot by Patrice Bergeron.
5:17 of 3rd period - Stopped by Darcy Kuemper with a rebound.
5:29 of 3rd period - Justin Braun is hit by Brandon Carlo and loses puck.
5:40 of 3rd period - Slapshot by Boone Jenner.
5:40 of 3rd period - Shot Misses the Net.
6:32 of 3rd period - Snap shot by Andreas Johnsson.
6:32 of 3rd period - Stopped by Sergei Bobrovsky with a rebound.
6:34 of 3rd period - Slapshot by Andreas Johnsson.
6:34 of 3rd period - Stopped by Sergei Bobrovsky with a rebound.
6:44 of 3rd period - Wrist shot by Andreas Johnsson.
6:44 of 3rd period - Shot Blocked by Jared Spurgeon.
6:48 of 3rd period - Backhand shot by Boone Jenner.
6:48 of 3rd period - Shot Misses the Net.
6:50 of 3rd period - Snap shot by Boone Jenner.
6:50 of 3rd period - Shot Misses the Net.
6:52 of 3rd period - Slapshot by Justin Braun.
6:52 of 3rd period - Stopped by Sergei Bobrovsky with a rebound.
6:54 of 3rd period - Slapshot by Justin Braun.
6:54 of 3rd period - Shot Misses the Net.
6:56 of 3rd period - Slapshot by Justin Braun.
6:56 of 3rd period - Deflect By Andreas Johnsson.
6:56 of 3rd period - Shot Misses the Net.
6:56 of 3rd period - Puck is out of play.
6:57 of 3rd period - Patrice Bergeron wins face-off versus Sidney Crosby in Devils zone.
6:59 of 3rd period - Minor Penalty to Patrice Bergeron for High sticking.
7:00 of 3rd period - Sidney Crosby wins face-off versus Anze Kopitar in Devils zone.
7:14 of 3rd period - Wrist shot by Gabriel Landeskog.
7:14 of 3rd period - Stopped by Sergei Bobrovsky without a rebound.
7:15 of 3rd period - Anze Kopitar wins face-off versus Sidney Crosby in Devils zone.
7:42 of 3rd period - Thomas Hickey is hit by Jonathan Huberdeau and loses puck.
8:03 of 3rd period - Jonathan Drouin is hit by Anze Kopitar.
8:59 of 3rd period - Penalty to Patrice Bergeron is over, Patrice Bergeron is back on ice.
9:05 of 3rd period - Thomas Hickey is hit by Tyson Barrie.
9:11 of 3rd period - Snap shot by Alex DeBrincat.
9:11 of 3rd period - Shot Blocked by Michael Raffl.
9:42 of 3rd period - Brayden Point is hit by Mirco Mueller and loses puck.
10:24 of 3rd period - Gabriel Landeskog is hit by Dominik Kahun and loses puck.
11:33 of 3rd period - Dylan Larkin is hit by Neal Pionk.
11:37 of 3rd period - Ryan Ellis is hit by Dylan Larkin and loses puck.
12:23 of 3rd period - Jared Spurgeon is hit by Michael Raffl and loses puck.
12:34 of 3rd period - Gabriel Landeskog is hit by Patrice Bergeron and loses puck.
12:39 of 3rd period - Wrist shot by Patrice Bergeron.
12:39 of 3rd period - Stopped by Darcy Kuemper with a rebound.
12:59 of 3rd period - Tyson Barrie is hit by Ryan Ellis and loses puck.
13:37 of 3rd period - Shea Theodore is hit by Kevin Connauton and loses puck.
13:50 of 3rd period - Wrist shot by Cal O'Reilly.
13:50 of 3rd period - Shot Blocked by Mirco Mueller.
14:00 of 3rd period - Shea Theodore is hit by Patrice Bergeron.
14:12 of 3rd period - Slapshot by Boone Jenner.
14:12 of 3rd period - Stopped by Sergei Bobrovsky with a rebound.
14:22 of 3rd period - Brandon Carlo is hit by Andreas Johnsson and loses puck.
14:47 of 3rd period - Wrist shot by Patrice Bergeron.
14:47 of 3rd period - Stopped by Darcy Kuemper with a rebound.
15:11 of 3rd period - Snap shot by Brayden Point.
15:11 of 3rd period - Stopped by Darcy Kuemper with a rebound.
15:13 of 3rd period - Slapshot by Brayden Point.
15:13 of 3rd period - Stopped by Darcy Kuemper with a rebound.
15:15 of 3rd period - Wrist shot by Brayden Point.
15:15 of 3rd period - Shot Misses the Net.
15:17 of 3rd period - Wrist shot by Patrice Bergeron.
15:17 of 3rd period - Stopped by Darcy Kuemper with a rebound.
15:21 of 3rd period - Snap shot by Patrice Bergeron.
15:21 of 3rd period - Deflect By Brayden Point.
15:21 of 3rd period - Shot Misses the Net.
15:21 of 3rd period - Puck is out of play.
15:22 of 3rd period - Kyle Turris wins face-off versus Sidney Crosby in Sharks zone.
15:31 of 3rd period - Dominik Kahun is hit by Gabriel Landeskog and loses puck.
18:17 of 3rd period - Marcus Johansson is hit by Mirco Mueller.
18:30 of 3rd period - Icing by Teuvo Teravainen.
18:31 of 3rd period - Robert Thomas wins face-off versus Patrice Bergeron in Sharks zone.
18:57 of 3rd period - Kevin Connauton is hit by Alex Pietrangelo and loses puck.
19:06 of 3rd period - Snap shot by Gabriel Landeskog.
19:06 of 3rd period - Stopped by Sergei Bobrovsky with a rebound.
19:12 of 3rd period - Slapshot by Gabriel Landeskog.
19:12 of 3rd period - Stopped by Sergei Bobrovsky without a rebound.
19:13 of 3rd period - Jared Bednar call a timeout for Devils.
19:13 of 3rd period - Patrice Bergeron wins face-off versus Dylan Larkin in Devils zone.
19:24 of 3rd period - Wrist shot by Dylan Larkin.
19:24 of 3rd period - Shot Misses the Net.
19:28 of 3rd period - Snap shot by Justin Braun.
19:28 of 3rd period - Shot Hit the Post.
19:50 of 3rd period - Slapshot by Gabriel Landeskog.
19:50 of 3rd period - Deflect By Jonathan Huberdeau.
19:50 of 3rd period - Stopped by Sergei Bobrovsky with a rebound.
19:52 of 3rd period - Snap shot by Gabriel Landeskog.
19:52 of 3rd period - Stopped by Sergei Bobrovsky with a rebound.
19:54 of 3rd period - Snap shot by Jonathan Huberdeau.
19:54 of 3rd period - Shot Misses the Net.
Goals for this period are 1 for Sharks vs 1 for Devils.
Shots for this period are 12 for Sharks vs 13 for Devils.